 Dungeon Crawl Stone Soup version 0.30-a0-359-gd0147acb1a (webtiles) character file.

Game seed: 10477907938885773472

32 themarg the Insei (level 3, 0/26 HPs)
             Began as a Merfolk Transmuter on Nov 12, 2022.
             Slain by a jelly (1 damage)
             ... on level 4 of the Dungeon.
             The game lasted 00:05:39 (1196 turns).

themarg the Insei (Merfolk Transmuter)              Turns: 1196, Time: 00:05:39

Health: 0/26       AC:  2    Str: 10    XL:     3   Next: 27%
Magic:  6/6        EV: 13    Int: 14    God:
Gold:   55         SH:  0    Dex: 14    Spells: 3/6 levels left

rFire   + . .      SeeInvis .    f - +0 dagger (vorpal)
rCold   . . .      Faith    .    (no shield)
rNeg    . . .      Spirit   .    a - +0 robe
rPois   .          Reflect  .    (no helmet)
rElec   .          Harm     .    (no cloak)
rCorr   .          Rampage  .    (no gloves)
Will    .....                    (no boots)
Stlth   ++........               m - amulet of magic regeneration
HPRegen 0.24/turn                g - ring of protection from fire
MPRegen 0.50/turn                (no ring)

@: no status effects
A: (nimble swimmer 2), mertail
a: no special abilities


You were on level 4 of the Dungeon.
You visited 1 branch of the dungeon, and saw 4 of its levels.

You collected 55 gold pieces.

Inventory:

Hand Weapons
 f - a +0 vorpal dagger (weapon)
 k - a +0 spear
Missiles
 j - 6 stones
Armour
 a - a +0 robe (worn)
Jewellery
 g - a ring of protection from fire (left hand)
 m - an amulet of magic regeneration (around neck)
Scrolls
 n - a scroll of poison {unknown}
Potions
 b - a potion of lignification
 e - a potion of magic
 h - a potion of heal wounds {unknown}
 i - a potion of haste {unknown}


   Skills:
 - Level 1.6 Fighting
 - Level 3.1 Dodging
 + Level 1.0 Stealth
 - Level 3.5 Unarmed Combat
 + Level 2.3 Spellcasting
 + Level 3.2 Transmutations


You had 3 spell levels left.
You knew the following spells:

 Your Spells              Type           Power      Damage    Failure   Level
a - Beastly Appendage     Tmut           20%        N/A       6%          1
b - Wereblood             Tmut           10%        N/A       10%         2

Your spell library contained the following spells:

 Spells                   Type           Power      Damage    Failure   Level
 Spider Form              Tmut/Pois      6%         N/A       34%         3
 Ignite Poison            Fire/Tmut/Pois 4%         N/A       41%         3
 Ice Form                 Ice/Tmut       6%         N/A       75%         4
 Sticky Flame             Conj/Fire      1%         2d3       93%         4
 Ignition                 Fire           0%         3d3       100%        8


Dungeon Overview and Level Annotations

Branches:
Dungeon (4/15)
 Temple: D:4-7

Altars:

Shops:
D:2 !


Innate Abilities, Weirdness & Mutations

((You are very nimble when in or above water. (Stealth+, EV+, Speed+++)))
Your lower body shifts to a powerful aquatic tail in water.


Message History

The bat hits you but does no damage. The bat barely misses you.
You hit the bat.
You kill the bat!
You see here a bat corpse.
Your transformation is almost over.
There is a stone staircase leading down here.
n - a scroll labelled ANYNOG QYCH Your horns disappear.
A necrophage comes into view.
There is a stone staircase leading down here.
You climb downwards.
You hear the hiss of flowing sand.
There is an entrance to an ossuary on this level.
Hurry and find it before the portal is buried!
There is a stone staircase leading up here.
A jelly comes into view.
Found 18 gold pieces.
The jelly quivers.
The jelly moves out of view.
You hear the slow hiss of a distant avalanche of sand.
The jelly jiggles.
An ogre comes into view. It is wielding a +0 giant spiked club.
The ogre shouts!
As you read the scroll labelled VULUBR UTAOMEK, it crumbles to dust.
You hear a loud clanging noise!
It was a scroll of noise.
You hear a shout! x5
As you read the scroll labelled ZINWIY VUOD, it crumbles to dust.
It is a scroll of identify.
e - a potion of magic The jelly completely misses you.
The ogre hits you with a +0 giant spiked club!!
Ouch! That really hurt!
* * * LOW HITPOINT WARNING * * *
As you read the scroll labelled VEUDIU UJORAM, it crumbles to dust.
It is a scroll of brand weapon.
Your +0 dagger emits a brilliant flash of light!
f - a +0 vorpal dagger (weapon)
The jelly hits you.
You die...

#.# ### #.#
########J#
...#........# #
#.....J############
#.##.#.##.#
#.......# .... #.#
#.#####.#
.####.####.#
#.#####.###
.......O@J.#
#.#......<.
############
#.#..##.#.#
#.#..)..#.#
#.......#.#
###.##.##.#
#.......# ####.####
#.# #.#


You could see an ogre and a jelly.

Vanquished Creatures
  4 ball pythons
  6 bats
  3 endoplasms
  2 giant cockroaches
  A goblin (D:4)
  2 hobgoblins (D:1)
  2 kobolds
  2 quokkas (D:1)
  2 frilled lizards (D:1)
  5 rats
29 creatures vanquished.

Notes
Turn   | Place    | Note
-------+----------+-------------------------------------------
     0 | D:1      | themarg the Merfolk Transmuter began the quest for the Orb.
     0 | D:1      | Reached XP level 1. HP: 15/15 MP: 3/3
   109 | D:1      | Reached XP level 2. HP: 16/21 MP: 3/5
   871 | D:1      | Learned a level 2 spell: Wereblood
   888 | D:2      | Reached XP level 3. HP: 26/26 MP: 4/6
   934 | D:2      | Found Terphiw's Distillery.
   970 | D:2      | You fall into a shaft and drop 2 floors!
  1105 | D:4      | Reached skill level 1 in Stealth
  1121 | D:4      | Noticed a sky beast
  1158 | D:3      | Noticed a necrophage
  1192 | D:4      | Noticed an ogre
  1195 | D:4      | HP: 1/26 [ogre/+0 giant spiked club (25)]
  1196 | D:4      | Slain by a jelly

Illustrated notes

Levels and vault maps discovered:
D:1:      scummos_arrival_checkerplants, layout_basic
D:2:      layout_rooms, serial_shops, shop_fountains, basic_altar
D:3:      layout_basic, grunt_dithmenos_smoke, dilly_guarded_unrand_morg,
          uniq_terence
D:4:      layout_loops_cross, pdpol_wu_jian_five_deadly_venoms, enter_ossuary_5

Skill      XL: |  1  2  3 |
---------------+----------+-----
Transmutations | 3 |  3.2
Dodging        | 3 |  3.1
Stealth        | 1 |  1.0
Fighting       | |  1.6
Unarmed Combat | |  3.5
Spellcasting   | |  2.3

Action                   || total
-------------------------++-------
Melee: Unarmed           ||    28
       Headbutt          ||    10
       Punch             ||     1
       Dagger            ||    50
 Cast: Beastly Appendage ||    24
  Use: Scroll            ||     3
 Stab: Sleeping          ||     2
Armor: Robe              ||    11
Dodge: Dodged            ||    61

Table legend: (Time is in decaauts)
 A = Elapsed time spent in this place.
 B = Non-inter-level travel time spent in this place.
 C = Inter-level travel time spent in this place.
 D = Time resting spent in this place.
 E = Time spent auto-exploring this place.
 F = Levels seen in this place.
 G = Mean time per level.
                   A        B        C        D        E       F      G
               +--------+--------+--------+--------+--------+-----+--------+
         Total |   1192 |   1164 |     28 |     41 |    781 |   4 |  298.0 |
       Dungeon |   1192 |   1164 |     28 |     41 |    781 |   4 |  298.0 |
               +--------+--------+--------+--------+--------+-----+--------+

Top non-repeatable levels by time:
     D:1: 869 daAuts
     D:4: 187 daAuts
     D:2: 97 daAuts
     D:3: 38 daAuts
